 Dungeon Crawl Stone Soup version 0.18-a0-946-g3ac5b32 (webtiles) character file.

622 st0uf the Shield-Bearer (level 7, 0/55 HPs)
             Began as a Formicid Fighter on Dec 29, 2015.
             Was a Follower of Makhleb.
             Slain by an ogre
             ... wielding a +0 giant spiked club
              (28 damage)
             ... on level 4 of the Dungeon.
             The game lasted 00:18:23 (3002 turns).

st0uf the Shield-Bearer (Formicid Fighter)          Turns: 3002, Time: 00:18:24

Health: 0/55       AC:  9    Str: 22    XL:     7   Next: 75%
Magic:  7/7        EV:  7    Int:  8    God:    Makhleb [*.....]
Gold:   189        SH: 11    Dex: 10    Spells: 0 memorised, 6 levels left

rFire  . . .     SeeInvis +     a - +1 long sword
rCold  . . .     Gourm    +     q - +0 chain mail
rNeg   . . .     Faith    .     c - +1 shield
rPois  .         Spirit   .     (helmet unavailable)
rElec  .         Dismiss  .     (no cloak)
rCorr  .         Reflect  .     (no gloves)
SustAt .         Harm     .     (no boots)
MR     .....                    w - amulet of the gourmand (curse)
Stlth  ..........               (no ring)
                                (no ring)

@: not resistant to hostile enchantments, extremely unstealthy
A: permanent stasis, dig shafts and tunnels, four strong arms, antennae 3
a: Dig, Shaft Self, Renounce Religion


You were on level 4 of the Dungeon.
You worshipped Makhleb.
Makhleb was aware of your devotion.
You were not hungry.

You visited 1 branch of the dungeon, and saw 4 of its levels.

You collected 189 gold pieces.

Inventory:

Hand Weapons
 a - a +1 long sword (weapon)
Missiles
 n - 5 silver javelins (quivered)
Armour
 c - a +1 shield (worn)
 q - a +0 chain mail (worn)
Jewellery
 w - a cursed amulet of the gourmand (around neck)
Wands
 b - a wand of magic darts (26/48)
Scrolls
 i - 5 scrolls of identify
 l - a scroll of remove curse
 r - 2 scrolls of magic mapping
 s - 3 scrolls of enchant armour
 t - a scroll of fear {unknown}
 v - a scroll of amnesia {unknown}
Potions
 d - 2 potions of might
 e - a potion of cure mutation {unknown}
 k - 2 potions of heal wounds {unknown}
 o - a potion of brilliance {unknown}
 p - 2 potions of curing
Comestibles
 f - 7 bread rations
 g - 5 meat rations
 h - 3 fruits
 j - a slice of pizza
 m - a beef jerky
 u - 2 chunks of flesh


   Skills:
 + Level 4.6 Fighting
 * Level 5.2 Long Blades
 + Level 4.9 Armour
 + Level 6.1 Shields


You had 6 spell levels left.
You didn't know any spells.

Dungeon Overview and Level Annotations

Branches:
Dungeon (4/15)
 Temple: D:4-7

Altars:
Makhleb


Innate Abilities, Weirdness & Mutations

You are under a permanent stasis effect.
You can dig through walls and to a lower floor.
Your four strong arms can wield two-handed weapons with a shield.
You have a pair of large antennae on your head (SInv).


Message History

Oops, that amulet feels deathly cold.
w - a cursed amulet of the gourmand (around neck)
An ogre comes into view. It is wielding a giant spiked club.
The ogre shouts!
You hit the ogre.
The ogre is lightly wounded.
You block the ogre's attack.
You hit the ogre.
The ogre is lightly wounded.
You block the ogre's attack.
You hit the ogre.
The ogre is moderately wounded.
You completely miss the ogre.
The ogre is moderately wounded.
The ogre hits you with a giant spiked club!!
You slash the ogre!
The ogre is severely wounded.
The ogre hits you with a giant spiked club!!
Ouch! That really hurt!
You die...

#{.# #.##..#....# ##########
#{.### #.###...#..####..[......
#.{..# #.# ##.##........<....(.
..##)# #.# #.##...###.#.#.####
####.# #.# #.##...###.#.#.##.#
#.#####.# #........#†#.#.#.#.
#.....#.# ####.........#.##.#
####.....#.#######.#.....###.##.#
.........#......@O......## #.##W#
####.....#########......####.##.#
# ##..#..### #...<....(#.##.#
###........# #...............
.##.#.#.##.## #...........##..
....#.#...#.######>##...#######.#
..###.###..#.......##..>... ..#
..#{{Z{{#..)#########...### ###
#.#######..## ##.##


You could see an ogre.

Vanquished Creatures
  The ghost of pk666 the Skirmisher, an amateur MiBe of Trog (D:4)
  Sigmund (D:2)
  A hound (D:3)
  2 orc wizards (D:3)
  6 adders
  4 worms
  4 giant geckos
  9 orcs
  A bat (D:3)
  3 giant cockroaches
  8 hobgoblins (D:1)
  13 kobolds
  5 ball pythons
  5 giant newts
  12 goblins
  7 jackals
  A jackal skeleton (D:4)
  10 rats
93 creatures vanquished.

Notes
Turn   | Place    | Note
--------------------------------------------------------------
     0 | D:1      | st0uf the Formicid Fighter began the quest for the Orb.
     0 | D:1      | Reached XP level 1. HP: 18/18 MP: 1/1
     0 | D:1      | Noticed a vine stalker skeleton
     0 | D:1      | Noticed a spriggan skeleton
     2 | D:1      | Noticed a spriggan skeleton
     2 | D:1      | Noticed a human skeleton
    13 | D:1      | Noticed a centaur skeleton
    13 | D:1      | Noticed a merfolk skeleton
    15 | D:1      | Noticed a minotaur skeleton
    16 | D:1      | Noticed a merfolk skeleton
    19 | D:1      | Noticed a vine stalker skeleton
    19 | D:1      | Noticed a minotaur skeleton
    21 | D:1      | Noticed a human skeleton
   216 | D:1      | Reached XP level 2. HP: 20/24 MP: 2/2
   372 | D:1      | Reached skill level 4 in Shields
   482 | D:1      | Reached XP level 3. HP: 26/30 MP: 3/3
  1137 | D:2      | Reached XP level 4. HP: 37/37 MP: 4/4
  1298 | D:2      | Noticed Sigmund
  1310 | D:2      | Killed Sigmund
  1310 | D:2      | Reached XP level 5. HP: 14/42 MP: 5/5
  1310 | D:2      | Reached XP level 6. HP: 16/48 MP: 6/6
  1711 | D:3      | Reached skill level 5 in Shields
  1885 | D:3      | Found a burning altar of Makhleb.
  1891 | D:3      | Became a worshipper of Makhleb the Destroyer
  2087 | D:4      | Noticed pk666's ghost (amateur MiBe)
  2344 | D:4      | Reached XP level 7. HP: 55/55 MP: 7/7
  2531 | D:4      | Reached * piety under Makhleb
  2678 | D:4      | Killed pk666's ghost
  2678 | D:4      | Reached skill level 5 in Long Blades
  2678 | D:4      | Reached skill level 6 in Shields
  3002 | D:4      | Slain by an ogre

Vault maps used:
D:1:      shiori_arrival_whats_in_store_for_you
D:2:      first_bread, uniq_sigmund, uniq_crazy_yiuf_cottage
D:3:      makhleb_heckhound_becter
D:4:      grunt_decor_cap

Action                   |  1- 3 |  4- 6 |  7- 9 || total
-------------------------+-------+-------+-------++-------
Melee: Long sword        |   132 |   167 |    66 ||   365
 Abil: Dig               |     3 |     2 |       ||     5
  Use: Scroll            |       |     6 |     1 ||     7
  Eat: Chunk             |     2 |     4 |     2 ||     8
